AoeStats
← GStar

Arena

509093306Analyzed
4v4 RM · 7d ago on Sep 25, 2026· 32m 33s· 8 players
Game mode
Random Map
Map size
Large (8 player)
Population
200
Speed
Normal
Resources
Standard
Victory
Conquest
Starting age
Dark Age
Ending age
Imperial Age
RankedLock teamsTeams togetherTeam positionsShared explorationLock speedFull tech treeHidden civsTurbo modeCheats
Victory
Defeat
🇨🇳 Cumans · China
1238
+11
🇨🇳 Hindustanis · China
1218
+11
1163
+14
🇨🇳 Mongols · China
1026
+19
🇹🇼 Persians · Taiwan
1141
-15
🇦🇷 Japanese · Argentina
1115
-14
🇮🇳 Burgundians · India
1106
-14
🇨🇳 Hindustanis · China
1074
-12
GStar
10:59 Feudal Age
14:49 Castle Age
12:59 Horse Collar
13:08 Double-Bit Axe
16:21 Bow Saw
23:11 Wheelbarrow
22:22 Loom
23:29 Town Watch
27:27 Hand Cart
27:13 Town Patrol
27:30 Gold Mining
30:56 Imperial Age
28:50 Scale Barding Armor
28:46 Scale Mail Armor
29:44 Stone Mining
30:33 Gold Shaft Mining
31:59 Stone Shaft Mining
arthur810416
10:42 Feudal Age
14:32 Castle Age
12:32 Double-Bit Axe
12:51 Horse Collar
15:53 Bow Saw
21:11 Loom
22:04 Wheelbarrow
23:27 Heavy Plow
26:32 Imperial Age
24:44 Hand Cart
24:29 Gold Mining
25:35 Stone Mining
27:49 Bloodlines
29:03 Chemistry
28:52 Hand Cart
29:18 Coinage
28:57 Scale Barding Armor
29:02 Forging
28:16 Capped Ram
28:46 Cavalier
30:46 Pikeman
ojus6874
7:05 Double-Bit Axe
8:33 Wheelbarrow
10:08 Horse Collar
16:07 Feudal Age
14:34 Gold Mining
18:07 Hand Cart
18:10 Heavy Plow
18:23 Bow Saw
18:56 Gold Shaft Mining
20:40 Castle Age
20:03 Scale Barding Armor
21:49 Chain Barding Armor
20:54 Cavalier
21:35 Husbandry
22:26 Loom
28:28 Squires
28:14 Arson
28:52 Scale Mail Armor
29:03 Forging
viber
11:39 Feudal Age
15:16 Castle Age
14:02 Double-Bit Axe
15:17 Loom
18:38 Scale Mail Armor
22:01 Horse Collar
kiyohime
1:45 Loom
9:43 Feudal Age
11:14 Wheelbarrow
10:54 Double-Bit Axe
11:58 Horse Collar
20:11 Gold Mining
23:18 Castle Age
22:26 Forging
22:17 Scale Mail Armor
21:42 Man-at-Arms
23:02 Scale Barding Armor
23:20 Light Cavalry
24:11 Bloodlines
26:49 Hand Cart
28:39 Bow Saw
28:32 Heavy Plow
29:57 Chain Barding Armor
31:10 Iron Casting
31:14 Gold Shaft Mining
30:30 Stone Mining
35:03 Imperial Age
唐尚书右丞王维
0:36 Loom
11:25 Feudal Age
17:17 Castle Age
16:00 Horse Collar
16:12 Double-Bit Axe
17:09 Gold Mining
19:18 Scale Mail Armor
22:24 Forging
27:24 Squires
27:43 Chain Mail Armor
31:50 Wheelbarrow
31:58 Wheelbarrow
小传奇
11:03 Feudal Age
14:50 Castle Age
13:43 Double-Bit Axe
13:41 Horse Collar
16:11 Bow Saw
21:19 Wheelbarrow
20:50 Town Watch
20:50 Loom
23:15 Heavy Plow
23:10 Gold Mining
24:53 Stone Mining
25:38 Gold Shaft Mining
28:29 Imperial Age
26:40 Hand Cart
26:44 Scale Barding Armor
26:50 Forging
28:10 Bloodlines
28:00 Husbandry
28:22 Chain Barding Armor
29:23 Iron Casting
30:10 Plate Barding Armor
28:57 Heavy Camel Rider
31:46 Blast Furnace
31:05 Imperial Camel Rider
蒙式战车
11:15 Feudal Age
15:55 Castle Age
16:04 Pikeman
Connection lost

Rejoining the realm…

Still unreachable

The connection could not be restored.

Session expired

The server has moved on; the page needs a fresh start.